 Dungeon Crawl Stone Soup version 0.30-a0-365-ge7f957f1db (webtiles) character file.

Game seed: 8743476478587492067

911 qeuew the Trooper (level 7, -1/55 HPs)
             Began as a Demonspawn Fighter on Nov 16, 2022.
             Slain by a wight
             ... wielding a +5 scimitar
              (5 damage)
             ... on level 6 of the Dungeon.
             The game lasted 00:05:14 (3746 turns).

qeuew the Trooper (Demonspawn Fighter)              Turns: 3746, Time: 00:05:15

Health: -1/55      AC:  9    Str: 16    XL:     7   Next: 82%
Magic:  7/7        EV: 10    Int:  9    God:
Gold:   338        SH:  6    Dex: 13    Spells: 6/6 levels left

rFire   + . .      SeeInvis +    a - +1 war axe
rCold   . . .      Faith    .    c - +1 buckler
rNeg    . . .      Spirit   .    b - +0 scale mail
rPois   .          Reflect  .    (helmet restricted)
rElec   .          Harm     .    (no cloak)
rCorr   .          Rampage  .    (no gloves)
Will    .....                    (no boots)
Stlth   ..........               (no amulet)
HPRegen 0.29/turn                e - ring of protection from fire
MPRegen 0.10/turn                h - ring of see invisible

@: no status effects
A: icy blue scales 1, spiny 1, antennae 1, clumsy 1
a: no special abilities


You were on level 6 of the Dungeon.
You visited 1 branch of the dungeon, and saw 6 of its levels.

You collected 338 gold pieces.

Inventory:

Hand Weapons
 a - a +1 war axe (weapon)
Armour
 b - a +0 scale mail (worn)
 c - a +1 buckler (worn)
Jewellery
 e - a ring of protection from fire (left hand)
 h - a ring of see invisible (right hand)
 i - a ring of positive energy
Wands
 p - a wand of iceblast (6)
Scrolls
 g - a scroll of teleportation
 j - a scroll of enchant armour
 l - 2 scrolls of enchant weapon
 o - a scroll of amnesia
Potions
 d - a potion of might
 f - a potion of flight
 k - a potion of resistance
 m - 2 potions of curing


   Skills:
 + Level 4.8 Fighting
 + Level 3.9 Axes
 + Level 4.4 Armour
 + Level 3.2 Dodging
 + Level 4.4 Shields
 + Level 1.8 Evocations


You had 6 spell levels left.
You didn't know any spells.
Your spell library contained the following spells:

 Spells                   Type           Power      Damage    Failure   Level
 Beastly Appendage        Tmut           0%         N/A       87%         1
 Wereblood                Tmut           0%         N/A       95%         2
 Dazzling Flash           Conj/Hex       0%         N/A       99%         3
 Spider Form              Tmut/Pois      0%         N/A       99%         3
 Iskenderun's Mystic Bla  Conj/Tloc      0%         2d3       100%        4
 Starburst                Conj/Fire      0%         6d3       100%        6


Dungeon Overview and Level Annotations

Branches:
Dungeon (6/15)             Temple (0/1) D:6

Altars:
Nemelex Xobeh

Shops:
D:3 =


Innate Abilities, Weirdness & Mutations

You are partially covered in icy blue scales. (AC +2)
You are partially covered in sharp spines.
You have a pair of small antennae on your head.
You are clumsy. (Dex -2)


Message History

The wight hits you with a +5 scimitar of freezing!
You feel drained. The wight freezes you. The wight hits you with a +4 falchion!
You feel drained.
You slash the wight!
You destroy the wight!
You closely miss the wight. The wight is struck by your spines.
The wight hits you with a +5 scimitar of freezing.
The wight freezes you.
Your life force feels restored.
You are too injured to fight recklessly!
You are too injured to fight recklessly!
You are too injured to fight recklessly!
You are too injured to fight recklessly!
You are too injured to fight recklessly!
You are too injured to fight recklessly!
You are too injured to fight recklessly!
You are too injured to fight recklessly!
You are too injured to fight recklessly!
You are too injured to fight recklessly!
You are too injured to fight recklessly!
You are too injured to fight recklessly!
You are too injured to fight recklessly!
You are too injured to fight recklessly!
You slash the wight!
The wight is almost destroyed.
The wight closely misses you. You block the wight's attack.
You hit the wight.
You destroy the wight!
You barely miss the wight. The wight hits you with a +5 scimitar!
* * * LOW HITPOINT WARNING * * *
You closely miss the wight. The wight closely misses you.
The wight hits you with a +5 scimitar!
* * * LOW HITPOINT WARNING * * *
Throw: throwing net
Press: ? - help, Q - select action, (/) - cycle Shift-Dir - straight line, f - wight
Aim: a wight, wielding a +5 scimitar and wearing a +0 robe (59% to hit)
You throw a throwing net.
The throwing net barely misses the wight.
The wight hits you with a +5 scimitar.
You die...

*,* *,* *,****#.### ****,* *,*
#.#..,..... ,,,,,* *,*
#.#.#*#.### ******
*,*******###.#.# #.# *
*,,,,,,,,..#.#.# #.# *
******####.#.#.# #.# *
##.##.#.#.###.### *
***########.#.#.#.#.#...... ****
**,,.......@###.....†..#.#..
,,,***,,*##.###)z# ##.........#.#
**,**,,,**,,,*#..#*#>..##.#####.#
**,**,*,*,,,,,#...#.#.....# #.#
,,,,,,,,,,,*,,..(>.######## #.#
**,*,*,,*,,,,.#.##.,,,* #.#
*,,,,,,,**,,,##.,..,,,* #.#
*,***,*****,**###,##*,* #.#
*,*⌠,,,⌠*,,,,,*,,,,,*,* #.#


You could see a wight.

Vanquished Creatures
  A black bear (D:4)
  A phantom (D:5)
  2 scorpions
  2 wights (D:6)
  2 howler monkeys
  2 jellies
  3 hounds
  Jessica (D:2)
  2 iguanas
  Terence (D:3)
  Ijyb (D:4)
  An orc wizard (D:5)
  7 adders
  2 worms
  2 dart slugs
  6 orcs
  6 ball pythons
  2 bats
  6 endoplasms
  A giant cockroach (D:3)
  8 goblins
  2 hobgoblins (D:2)
  2 jackals (D:2)
  4 quokkas
  2 frilled lizards (D:1)
  10 kobolds
  2 rats
81 creatures vanquished.

Vanquished Creatures (others)
  29 plants (D:3)
29 creatures vanquished.

Grand Total: 110 creatures vanquished

Notes
Turn   | Place    | Note
-------+----------+-------------------------------------------
     0 | D:1      | qeuew the Demonspawn Fighter began the quest for the Orb.
     0 | D:1      | Reached XP level 1. HP: 18/18 MP: 1/1
   441 | D:1      | Gained mutation: You are partially covered in icy blue
                  | scales. (AC +2) [demonic ancestry]
   441 | D:1      | Reached XP level 2. HP: 24/24 MP: 2/2
   606 | D:2      | Noticed Jessica
   613 | D:2      | Killed Jessica
   614 | D:2      | Reached skill level 1 in Dodging
   614 | D:2      | Reached XP level 3. HP: 29/29 MP: 3/3
   748 | D:2      | Reached XP level 4. HP: 35/35 MP: 4/4
  1241 | D:3      | Found Gyhaaptame's Jewellery Boutique.
  1321 | D:3      | Noticed Terence
  1335 | D:3      | Killed Terence
  1480 | D:3      | Found a faded altar of an unknown god.
  2020 | D:3      | Gained mutation: You possess an exceptional clarity of
                  | mind. [potion of mutation]
  2020 | D:3      | Gained mutation: You are weak. (Str -2) [potion of
                  | mutation]
  2020 | D:3      | Gained mutation: You are clumsy. (Dex -2) [potion of
                  | mutation]
  2049 | D:4      | Reached XP level 5. HP: 40/42 MP: 5/5
  2186 | D:4      | Reached XP level 6. HP: 9/48 MP: 6/6
  2652 | D:4      | Noticed Ijyb
  2664 | D:4      | Killed Ijyb
  2701 | D:4      | Identified the +0 ring mail of the Evil One {rC+ rN++ Str+3
                  | Int-4}
  3149 | D:4      | Lost mutation: You possess an exceptional clarity of mind.
                  | [potion of mutation]
  3149 | D:4      | Lost mutation: You are weak. (Str -2) [potion of mutation]
  3149 | D:4      | Gained mutation: You possess an exceptional clarity of
                  | mind. [potion of mutation]
  3149 | D:4      | Lost mutation: You possess an exceptional clarity of mind.
                  | [potion of mutation]
  3149 | D:4      | Gained mutation: You have a pair of small antennae on your
                  | head. [potion of mutation]
  3222 | D:5      | Entered Level 5 of the Dungeon
  3247 | D:5      | Gained mutation: You are partially covered in sharp spines.
                  | [demonic ancestry]
  3247 | D:5      | Reached XP level 7. HP: 55/55 MP: 7/7
  3351 | D:5      | Found a sparkling altar of Nemelex Xobeh.
  3426 | D:5      | Reached skill level 1 in Evocations
  3746 | D:6      | Slain by a wight

Illustrated notes

Levels and vault maps discovered:
D:1:      minmay_arrival_four_circles, layout_basic, kennysheep_another_room
D:2:      minmay_kobold_bridge, layout_rooms, chequers_serial_rivers_large_a,
          kennysheep_generic_room_15, uniq_jessica
D:3:      layout_loops_ring, basic_ecumenical_altar, serial_shops,
          nicolae_shop_behind_doors, grunt_decor_mini_mirrors, minivault_26,
          serial_bayou_lagoon_a, uniq_terence
D:4:      layout_loops_ring, kennysheep_generic_room_14, uniq_ijyb
D:5:      layout_rooms, nemelex_diamond_rough_becter
D:6:      layout_loops_ring, minmay_temple_entry_ruins, minmay_chambers_of_fives

Skill      XL: |  1  2  3  4  5  6  7 |
---------------+----------------------+-----
Axes           | 2 3 |  3.9
Armour         | 3 4 |  4.4
Dodging        | 1 2 3 |  3.2
Shields        | 3 4 |  4.4
Fighting       | 4 |  4.8
Evocations     | 1 |  1.8

Action                   |  1- 3 |  4- 6 |  7- 9 || total
-------------------------+-------+-------+-------++-------
Melee: War axe           |    53 |   161 |    54 ||   268
Throw: Throwing net      |       |       |     1 ||     1
  Use: Potion            |     1 |     5 |     2 ||     8
       Scroll            |       |     9 |     3 ||    12
Armor: Scale mail        |    26 |    83 |    26 ||   135
Dodge: Dodged            |    27 |    84 |    21 ||   132
Block: Buckler           |    10 |    50 |    18 ||    78

Table legend: (Time is in decaauts)
 A = Elapsed time spent in this place.
 B = Non-inter-level travel time spent in this place.
 C = Inter-level travel time spent in this place.
 D = Time resting spent in this place.
 E = Time spent auto-exploring this place.
 F = Levels seen in this place.
 G = Mean time per level.
                   A        B        C        D        E       F      G
               +--------+--------+--------+--------+--------+-----+--------+
         Total |   3860 |   3754 |    106 |     29 |   3051 |   6 |  643.3 |
       Dungeon |   3860 |   3754 |    106 |     29 |   3051 |   6 |  643.3 |
               +--------+--------+--------+--------+--------+-----+--------+

Top non-repeatable levels by time:
     D:4: 1199 daAuts
     D:3: 850 daAuts
     D:2: 666 daAuts
     D:1: 599 daAuts
     D:5: 442 daAuts
     D:6: 102 daAuts
